 Dungeon Crawl Stone Soup version 0.19-a0-1899-g2d93087 (webtiles) character file.

373 PurpleRed the Chopper (level 6, 0/56 HPs)
             Began as a Minotaur Fighter on Oct 19, 2016.
             Succumbed to Softman25's ghost's poison
             ... on level 4 of the Dungeon.
             The game lasted 00:03:33 (1444 turns).

PurpleRed the Chopper (Minotaur Fighter)            Turns: 1444, Time: 00:03:33

Health: 0/56       AC: 10    Str: 22 (23) XL:     6   Next: 43%
Magic:  0/5        EV:  5    Int:  4 (5)  God:
Gold:   120        SH:  9    Dex:  8 (9)  Spells: 0 memorised, 5 levels left

rFire  . . .     SeeInvis .     a - +1 war axe
rCold  . . .     Gourm    .     m - +1 chain mail
rNeg   . . .     Faith    .     c - +0 shield
rPois  .         Spirit   +     (helmet restricted)
rElec  .         Reflect  .     (no cloak)
rCorr  .         Harm     .     (no gloves)
MR     .....                    (no boots)
Stlth  ..........               q - amulet of guardian spirit
                                (no ring)
                                (no ring)

@: lethally poisoned (0 -> -3), very slightly contaminated, hasted, invisible,
very quick
A: retaliatory headbutt, horns 2
a: no special abilities


You were on level 4 of the Dungeon.
You were very hungry.

You visited 1 branch of the dungeon, and saw 4 of its levels.

You collected 120 gold pieces.

Inventory:

Hand Weapons
 a - a +1 war axe (weapon)
Armour
 c - a +0 shield (worn)
 m - a +1 chain mail (worn)
Jewellery
 q - an amulet of guardian spirit (around neck)
Wands
 k - a wand of flame (35/48)
 n - a wand of disintegration (7/24)
 z - a wand of polymorph (6/24)
Scrolls
 b - 2 scrolls of remove curse
 e - a scroll of enchant armour
 g - a scroll of amnesia {unknown}
 r - a scroll of teleportation
 s - a scroll of recharging {unknown}
Potions
 d - a potion of might
 h - a potion of agility
 l - a potion of ambrosia {unknown}
 t - a potion of curing {unknown}
 w - a potion of berserk rage {unknown}
 x - a potion of heal wounds {unknown}
Books
 A - a book of Minor Magic

   Spells                             Type                      Level
   a - Magic Dart                     Conjuration                  1
   b - Blink                          Translocation                2
   c - Call Imp                       Summoning                    2
   d - Repel Missiles                 Charms/Air                   2
   e - Slow                           Hexes                        2
   f - Conjure Flame                  Conjuration/Fire             3
   g - Mephitic Cloud                 Conjuration/Poison/Air       3
Comestibles
 f - 2 bread rations
 j - 3 meat rations
 p - a beef jerky
 v - a fruit


   Skills:
 + Level 5.3 Fighting
 * Level 6.0 Axes
 + Level 5.4 Armour
 - Level 3.6 Shields


You had 5 spell levels left.
You didn't know any spells.

Dungeon Overview and Level Annotations

Branches:
Dungeon (4/15)
 Temple: D:4-7

Altars:
Hepliaklqana

Annotations:
D:4 Softman25's ghost, amateur HECj


Innate Abilities, Weirdness & Mutations

You reflexively headbutt those who attack you in melee.
You have a pair of horns on your head.


Message History

Unknown command.
Press: ? - help, v - describe, . - travel
Here: Softman25's ghost, wielding a weapon of chaos (heavily damaged)
The floor.
Unknown command.
Okay, then.
* * * LOW HITPOINT WARNING * * *
You feel sick.
You see here a frilled lizard corpse.
It was a potion of haste.
You feel yourself speed up. You block the adder's attack. The adder bites you.
* * * LOW HITPOINT WARNING * * *
Softman25's ghost hits you but does no damage.
You fade into invisibility!
You are very lightly contaminated with residual magic.
Okay, then.
It was a potion of degeneration.
There was something very wrong with that liquid.
You feel weakened.
You feel dopey.
You feel clumsy.
You die...

#.# #.# #.# #.#
########.######
....$.........##########
#####..#####...........
#..# ######...... #.@#
#.##### #WS# #.# #).#
#.# ...## #.# w.... #.#
....... #.# ......# #.#
#..... #.# #..... #>#


You could see Softman25's ghost and an adder.

Vanquished Creatures
  Sigmund (D:3)
  Jessica (D:3)
  An orc wizard (D:3)
  2 worker ants
  An adder (D:2)
  3 gnolls (D:4)
  A worm (D:3)
  3 dart slugs
  A leopard gecko (D:3)
  4 orcs (D:3)
  3 giant cockroaches
  7 goblins
  4 hobgoblins
  7 jackals
  7 bats
  3 frilled lizards
  11 kobolds
  A leopard gecko skeleton (D:3)
  4 rats
65 creatures vanquished.

Notes
Turn   | Place    | Note
-------+----------+-------------------------------------------
     0 | D:1      | PurpleRed the Minotaur Fighter began the quest for the Orb.
     0 | D:1      | Reached XP level 1. HP: 19/19 MP: 0/0
   101 | D:1      | Reached skill level 3 in Axes
   167 | D:1      | Reached XP level 2. HP: 27/27 MP: 1/1
   485 | D:2      | Reached XP level 3. HP: 33/33 MP: 2/2
   917 | D:3      | Noticed Sigmund
   923 | D:3      | Killed Sigmund
   923 | D:3      | Reached skill level 5 in Axes
   923 | D:3      | Reached skill level 5 in Armour
   923 | D:3      | Reached XP level 4. HP: 37/41 MP: 3/3
   923 | D:3      | Reached XP level 5. HP: 42/47 MP: 4/4
   965 | D:3      | Found a hazy altar of Hepliaklqana.
  1112 | D:3      | Reached skill level 5 in Fighting
  1146 | D:3      | Noticed Jessica
  1154 | D:3      | Killed Jessica
  1154 | D:3      | Reached XP level 6. HP: 40/56 MP: 3/5
  1431 | D:4      | Noticed Softman25's ghost (amateur HECj)
  1434 | D:4      | Reached skill level 6 in Axes
  1443 | D:4      | HP: 1/56 [adder (3)]
  1444 | D:4      | Succumbed to Softman25's ghost's poison

Vault maps used:
D:1:      matt_arrival_grand_opening
D:2:      first_bread, minmay_close_crescents
D:3:      overflow_temple_1_default, uniq_jessica, uniq_sigmund
D:4:      yredelemnul_altar_generic, nicolae_ashenzari_panopticon

Skill      XL: |  1  2  3  4  5  6 |
---------------+-------------------+-----
Axes           | 3 5 6 |  6.0
Fighting       | 4 5 |  5.3
Armour         | 5 |  5.4
Shields        | |  3.6

Action                   |  1- 3 |  4- 6 || total
-------------------------+-------+-------++-------
Melee: War axe           |   116 |    69 ||   185
       Headbutt          |    13 |    11 ||    24
  Use: Scroll            |       |     9 ||     9
       Potion            |       |     2 ||     2
  Eat: Chunk             |       |     1 ||     1
Armor: Scale mail        |    12 |       ||    12
       Chain mail        |    50 |    76 ||   126
Dodge: Dodged            |    40 |    21 ||    61
Block: Shield            |    65 |    36 ||   101
